 Dungeon Crawl Stone Soup version 0.29-a0-284-gf9362112df (webtiles) character file.

Game seed: 18237177630652441280

125 Patoropollo the Firebug (level 4, -11/27 HPs)
             Began as a Deep Elf Cinder Acolyte on Mar 14, 2022.
             Was a High Priest of Ignis.
             Mangled by an iguana (12 damage)
             ... on level 4 of the Dungeon.
             The game lasted 00:03:31 (2091 turns).

Patoropollo the Firebug (Deep Elf Cinder Acolyte)   Turns: 2091, Time: 00:03:32

Health: -11/27     AC:  3    Str: 11    XL:     4   Next: 82%
Magic:  1/11       EV: 11    Int: 21    God:    Ignis [*****.]
Gold:   143        SH:  0    Dex: 10    Spells: 8/10 levels left

rFire   + . .      SeeInvis .   a - -1 short sword (flame)
rCold   . . .      Faith    .   (no shield)
rNeg    . . .      Spirit   .   b - +0 robe
rPois   .          Reflect  .   (no helmet)
rElec   .          Harm     .   (no cloak)
rCorr   .          Rampage  .   (no gloves)
Will    .....                   k - +0 pair of boots
Stlth   +.........              (no amulet)
HPRegen 0.09/turn               (no ring)
MPRegen 0.12/turn               (no ring)

@: no status effects
A: no striking features
a: Renounce Religion, Fiery Armour, Foxfire Swarm, Rising Flame


You were on level 4 of the Dungeon.
You worshipped Ignis.
Ignis was extremely pleased with you.
You visited 1 branch of the dungeon, and saw 3 of its levels.

You collected 143 gold pieces.

Inventory:

Hand Weapons
 a - a -1 short sword of flaming (weapon)
Armour
 b - a +0 robe (worn)
 k - a +0 pair of boots (worn)
Jewellery
 d - a ring of resist corrosion
 i - a ring of ice
 m - a +4 ring of evasion
Scrolls
 c - 4 scrolls of identify {unknown}
 e - 2 scrolls of teleportation {unknown}
 g - a scroll of fear {unknown}
 j - a scroll of torment {unknown}
Potions
 f - a potion of heal wounds {unknown}
 h - a potion of flight {unknown}
 l - a potion of degeneration {unknown}


   Skills:
 - Level 2.4 Fighting
 - Level 3.0 Short Blades
 + Level 3.8 Spellcasting
 + Level 4.5 Fire Magic
 + Level 2.5 Invocations


You had 8 spell levels left.
You knew the following spells:

 Your Spells              Type           Power      Damage    Failure   Level
a - Scorch                Fire           46%        2d7       3%          2

Your spell library contained the following spells:

 Spells                   Type           Power      Damage    Failure   Level
 Portal Projectile        Hex/Tloc       8%         N/A       36%         3
 Blade Hands              Tmut           2%         N/A       98%         5
 Excruciating Wounds      Necr           2%         N/A       98%         5


Dungeon Overview and Level Annotations

Branches:
Dungeon (2/15)

Altars:

Annotations:
D:2 Jessica


Message History

Found a leather armour and an orange potion.
Flames lash the orc.
The orc is moderately wounded.
The orc's fire resistance burns away.
Flames lash the orc.
The orc is burned terribly!
You kill the orc!
A necrophage comes into view.
Flames lash the giant cockroach but do no damage.
Flames lash the giant cockroach.
You kill the giant cockroach!
You can't see any susceptible monsters within range! (Use Z to cast anyway.)
Found a scroll labelled OBES UF RIOMNI.
An iguana comes into view.
Found a scroll labelled IFA KA REDURURGH.
The iguana bites you!
Flames lash the iguana.
The iguana is lightly wounded.
The iguana's fire resistance burns away.
You hear a shout!
You hear an angry hiss.
You hear a shout! x2
The iguana bites you.
An orc wizard comes into view. It is wielding a +0 dagger of venom.
You are too injured to fight recklessly!
Casting: Scorch (safe; 3% risk of failure)
Confirm with . or Enter, or press ? or * to list all spells.
Flames lash the iguana.
The iguana is burned terribly!
The iguana is almost dead.
An adder comes into view.
An orc comes into view. It is wielding a +0 hand axe.
The iguana bites you but does no damage.
An orc comes into view. It is wielding a +0 club.
The iguana closely misses you. The necrophage hits you.
You hit the necrophage. You burn the necrophage.
The necrophage is lightly damaged.
The necrophage barely misses you. The iguana bites you!
* * * LOW HITPOINT WARNING * * *
The necrophage hits you.
* * * LOW HITPOINT WARNING * * *
The iguana bites you!
You die...

.. .###### ..
.......##.
.........#
...oo....#
.......?.#
.....o...#
....?..lS#
.......@n##########
...#####..........#
.. #..........# .
#..........#
#.....!....#
#.........[#
#..........#
#.....)....#
#....†.....#


You could see a necrophage, an iguana (combustible), an orc wizard, an adder and
2 orcs.

Vanquished Creatures
  Natasha (thrice) (D:2)
  An adder (D:2)
  2 worms (D:2)
  A dart slug (D:2)
  An orc (D:4)
  5 ball pythons
  2 bats (D:1)
  A giant cockroach (D:4)
  3 goblins (D:2)
  3 hobgoblins
  A kobold (D:1)
  5 quokkas
  4 frilled lizards (D:2)
  4 rats (D:1)
36 creatures vanquished.

Notes
Turn   | Place    | Note
-------+----------+-------------------------------------------
     0 | D:1      | Patoropollo the Deep Elf Cinder Acolyte began the quest for
                  | the Orb.
     0 | D:1      | Reached XP level 1. HP: 13/13 MP: 5/5
   475 | D:1      | Reached XP level 2. HP: 18/18 MP: 7/7
   478 | D:1      | Learned a level 2 spell: Scorch
   755 | D:1      | Found a faded altar of an unknown god.
  1021 | D:2      | Reached skill level 1 in Invocations
  1294 | D:2      | Reached XP level 3. HP: 22/22 MP: 1/9
  1484 | D:2      | Noticed Natasha
  1490 | D:2      | Killed Natasha
  1491 | D:2      | Reached skill level 4 in Fire Magic
  1588 | D:2      | Noticed Natasha
  1593 | D:2      | Killed Natasha
  1594 | D:2      | Reached XP level 4. HP: 21/27 MP: 5/11
  1600 | D:2      | Noticed Natasha
  1602 | D:2      | Killed Natasha
  2071 | D:2      | Noticed Jessica
  2072 | D:2      | You fall into a shaft and drop 2 floors!
  2075 | D:4      | Noticed a necrophage
  2091 | D:4      | HP: 1/27 [necrophage (1)]
  2091 | D:4      | Mangled by an iguana

Illustrated notes

Levels and vault maps discovered:
D:1:      psy_arrival_basics, layout_loops_ring, ebering_ecumenical_altar_ruins,
          minmay_fountain_box, hangedman_decor_riveting
D:2:      layout_loops_cross, uniq_natasha, uniq_crazy_yiuf_cottage,
          uniq_jessica
D:4:      layout_basic, minmay_temple_entry_tees, serial_shops,
          nicolae_diamond_shop, uniq_edmund

Skill      XL: |  1  2  3 |
---------------+----------+-----
Spellcasting   | 2 3 |  3.8
Invocations    | 1 2 |  2.5
Fire Magic     | 4 |  4.5
Fighting       | |  2.4
Short Blades   | |  3.0

Action                   |  1- 3 |  4- 6 || total
-------------------------+-------+-------++-------
Melee: Short sword       |    29 |     1 ||    30
 Cast: Scorch            |    24 |    14 ||    38
Armor: Robe              |    11 |     1 ||    12
Dodge: Dodged            |    20 |     2 ||    22

Table legend: (Time is in decaauts)
 A = Elapsed time spent in this place.
 B = Non-inter-level travel time spent in this place.
 C = Inter-level travel time spent in this place.
 D = Time resting spent in this place.
 E = Time spent auto-exploring this place.
 F = Levels seen in this place.
 G = Mean time per level.
                   A        B        C        D        E       F      G
               +--------+--------+--------+--------+--------+-----+--------+
         Total |   2090 |   2053 |     37 |      0 |   1832 |   3 |  696.7 |
       Dungeon |   2090 |   2053 |     37 |      0 |   1832 |   3 |  696.7 |
               +--------+--------+--------+--------+--------+-----+--------+

Top non-repeatable levels by time:
     D:1: 1160 daAuts
     D:2: 910 daAuts
     D:4: 18 daAuts
